 Dungeon Crawl Stone Soup version 0.32-a0-131-g9dbbe29261 (webtiles) character file.

Game seed: 7755592881526576516

277 Azoth the Shooter (level 6, -2/45 HPs)
             Began as a Human Hunter on Feb 8, 2024.
             Slain by Eustachio the bullfrog (6 damage)
             ... on level 4 of the Dungeon.
             The game lasted 00:04:58 (3039 turns).

Azoth the Shooter (Human Hunter)                    Turns: 3039, Time: 00:04:59

Health: -2/45      AC:  3    Str: 12      XL:     6   Next: 26%
Magic:  6/6        EV: 12    Int:  9      God:
Gold:   176        SH:  0    Dex: 14 (18) Spells: 5/5 levels left

rFire   + . .        a - +0 shortbow
rCold   . . .        (shield currently unavailable)
rNeg    . . .        i - +0 leather armour {rF+}
rPois   .            (no helmet)
rElec   .            (no cloak)
rCorr   .            (no gloves)
SInv    .            (no boots)
Will    .....        (no amulet)
Stlth   +            (no ring)
HPRegen 0.27/turn    (no ring)
MPRegen 0.10/turn

%: no passive effects
@: no status effects
A: explore regen
a: no special abilities


You were on level 4 of the Dungeon.
You visited 1 branch of the dungeon, and saw 4 of its levels.

You collected 176 gold pieces.

Inventory:

Hand Weapons
 a - a +0 shortbow (weapon)
 o - a +0 sling
Armour
 c - a +0 leather armour
 h - a +0 ring mail
 i - a +0 leather armour of fire resistance (worn)
Wands
 q - a wand of polymorph (9)
 r - a wand of roots (7)
Scrolls
 d - 2 scrolls of blinking {unknown}
 j - 2 scrolls of enchant weapon {unknown}
 k - 4 scrolls of identify {unknown}
 m - a scroll of poison {unknown}
Potions
 e - a potion of might {unknown}
 f - 2 potions of lignification {unknown}
 g - 2 potions of curing {unknown}
 l - 2 potions of enlightenment {unknown}
 n - a potion of heal wounds {unknown}
 p - a potion of invisibility {unknown}
 s - 2 potions of mutation {unknown}


   Skills:
 + Level 2.3 Fighting
 + Level 6.5 Ranged Weapons
 * Level 1.8 Armour
 + Level 2.7 Dodging
 - Level 1.1 Stealth


You had 5 spell levels left.
You didn't know any spells.
Your spell library was empty.

Dungeon Overview and Level Annotations

Branches:
Dungeon (4/15)             Temple (0/1) D:4

Altars:
Qazlal

Shops:
D:3 [   D:4 =

Annotations:
D:4 Eustachio


Innate Abilities, Weirdness & Mutations

You regain HP and MP as you explore.


Message History

Eustachio attacks as it pursues you! Eustachio closely misses you.
Read: scroll of butterflies
Press: ? - help, Q - select action, (/) - cycle Dir - look around, f - activate
As you read the scroll of butterflies, it crumbles to dust.
You hear the flapping of tiny wings.
The quasit is knocked back by the sudden gust.
Eustachio is knocked back by the sudden gust.
The quasit misses your butterfly.
The quasit closely misses your butterfly.
The quasit misses your butterfly. Eustachio hits you.
* * * LOW HITPOINT WARNING * * *
You swap places.
Something misses your butterfly.
Unknown command.
You swap places.
You swap places.
Something closely misses your butterfly.
Something closely misses your butterfly.
The quasit gives a chilling moan.
The quasit closely misses you. The quasit claws you.
* * * LOW HITPOINT WARNING * * *
The quasit claws you.
* * * LOW HITPOINT WARNING * * *
The quasit bites you.
* * * LOW HITPOINT WARNING * * *
The quasit claws you but does no damage.
The quasit claws you.
* * * LOW HITPOINT WARNING * * *
You feel clumsy.
You swap places.
The quasit disappears in a puff of smoke!
Eustachio hits your butterfly.
Your butterfly dies!
Your butterfly disappears in a burst of colours!
The quasit disappears in a puff of smoke!
Sorry, you're not good enough to have a special ability.
Unknown command.
You shoot an arrow. The arrow hits Eustachio.
Eustachio is moderately wounded.
Eustachio hits you.
You die...

##....# ###################.....#
..............†..##.....###
##########...#######.∩.........
###.bb#### #.#.# #.###....##.
5##F#b...###÷#.# #..#......#..
.##b####b##..#.# #.#.........#
5..5.###.##.##.######.#..########
###...##.##÷#..F@........
.......b....bb.####..##.#
.#..##...##.#.## .###.#
##.###.....#.# #.# ##.#..#.# #.#
#....#.# ..# ##.#.... #. .......
##.##....


You could see Eustachio the bullfrog (ally target).

Vanquished Creatures
  A scorpion (D:3)
  A hound (D:4)
  Natasha (twice) (D:4)
  6 adders
  A dart slug (D:3)
  2 orcs (D:3)
  8 ball pythons
  4 endoplasms
  A giant cockroach (D:1)
  6 goblins
  13 hobgoblins
  7 jackals (D:1)
  3 quokkas
  6 bats
  6 frilled lizards
  5 kobolds
  6 rats
78 creatures vanquished.

Notes
Turn   | Place    | Note
-------+----------+-------------------------------------------
     0 | D:1      | Azoth the Human Hunter began the quest for the Orb.
     0 | D:1      | Reached XP level 1. HP: 16/16 MP: 1/1
   111 | D:1      | Reached XP level 2. HP: 22/22 MP: 2/2
   409 | D:1      | Reached XP level 3. HP: 27/27 MP: 3/3
   541 | D:1      | Reached skill level 5 in Ranged Weapons
  1689 | D:3      | Found a faded altar of an unknown god.
  1739 | D:3      | Reached XP level 4. HP: 29/33 MP: 4/4
  1751 | D:3      | Reached skill level 1 in Armour
  2000 | D:3      | Noticed a scorpion
  2015 | D:3      | Killed a scorpion
  2016 | D:3      | Reached XP level 5. HP: 33/38 MP: 5/5
  2052 | D:3      | Found a stormy altar of Qazlal.
  2062 | D:3      | Found Ucvoor's Armour Emporium.
  2164 | D:3      | Reached skill level 6 in Ranged Weapons
  2667 | D:4      | Found Dygiuquci's Jewellery Shop.
  2668 | D:4      | Noticed Natasha
  2674 | D:4      | Killed Natasha
  2705 | D:4      | Reached XP level 6. HP: 22/44 MP: 6/6
  2975 | D:4      | Noticed Natasha
  2979 | D:4      | Killed Natasha
  2997 | D:4      | Found a staircase to the Ecumenical Temple.
  3007 | D:4      | Noticed Eustachio
  3017 | D:4      | Eustachio changed into Eustachio the bullfrog
  3017 | D:4      | Noticed Eustachio
  3030 | D:4      | HP: 2/45 [quasit[Eustachio] (1)]
  3039 | D:4      | Slain by Eustachio the bullfrog

Illustrated notes

Levels and vault maps discovered:
D:1:      nzn_arrival_crosshair, layout_loops_corners, minmay_misc_feat_x
D:2:      layout_loops_cross, nicolae_elevator_lobby_asterisk
D:3:      layout_basic, nicolae_qazlal_general_emergency,
          hellmonk_ecumenical_altar_zigzags, serial_shops, shop_statue,
          minmay_randomly_rotated_circles
D:4:      layout_rooms, bloody_makhleb, minmay_temple_entry_wispy, serial_shops,
          shop, uniq_natasha, uniq_eustachio

Skill      XL: |  1  2  3  4  5 |
---------------+----------------+-----
Ranged Weapons | 5 6 |  6.5
Armour         | 1 |  1.8
Fighting       | |  2.3
Dodging        | |  2.7
Stealth        | |  1.1

Action                     |  1- 3 |  4- 6 || total
---------------------------+-------+-------++-------
  Melee: Unarmed           |       |     2 ||     2
   Fire: Shortbow          |   144 |   125 ||   269
  Evoke: Wand              |       |     1 ||     1
    Use: Scroll            |       |     1 ||     1
 Armour: Leather armour    |    34 |    86 ||   120
         Skin              |       |     1 ||     1
  Dodge: Dodged            |    44 |    80 ||   124

Table legend: (Time is in decaauts)
 A = Elapsed time spent in this place.
 B = Non-inter-level travel time spent in this place.
 C = Inter-level travel time spent in this place.
 D = Time resting spent in this place.
 E = Time spent auto-exploring this place.
 F = Levels seen in this place.
 G = Mean time per level.
                   A        B        C        D        E       F      G
               +--------+--------+--------+--------+--------+-----+--------+
         Total |   3094 |   2986 |    108 |    155 |   2278 |   4 |  773.5 |
       Dungeon |   3094 |   2986 |    108 |    155 |   2278 |   4 |  773.5 |
               +--------+--------+--------+--------+--------+-----+--------+

Top non-repeatable levels by time:
     D:3: 987 daAuts
     D:1: 923 daAuts
     D:2: 785 daAuts
     D:4: 398 daAuts
